 Dungeon Crawl Stone Soup version 0.29-a0-352-g0917bc69df (webtiles) character file.

Game seed: 16228187905856857926

452 ObtusePanda the Shield-Bearer (level 7, -3/59 HPs)
             Began as a Gnoll Fighter on Apr 24, 2022.
             Was an Initiate of Wu Jian.
             Slain by a gnoll
             ... wielding a +0 halberd
              (9 damage)
             ... on level 3 of the Dungeon.
             The game lasted 00:10:08 (3580 turns).

ObtusePanda the Shield-Bearer (Gnoll Fighter)       Turns: 3580, Time: 00:10:09

Health: -3/59      AC: 13    Str: 15    XL:     7   Next: 4%
Magic:  10/10      EV: 11    Int:  8    God:    Wu Jian [......]
Gold:   236        SH:  6    Dex: 16    Spells: 10/10 levels left

rFire   . . .      SeeInvis .   q - +2 short sword (protect)
rCold   . . .      Faith    .   c - +0 buckler
rNeg    . . .      Spirit   .   s - +3 ring mail of Esoelotzuq {Dex+3}
rPois   .          Reflect  .   e - +1 helmet
rElec   .          Harm     .   (no cloak)
rCorr   .          Rampage  .   m - +0 pair of gloves
Will    .....                   (no boots)
Stlth   +.........              (no amulet)
HPRegen 0.19/turn               (no ring)
MPRegen 0.12/turn               (no ring)

@: no status effects
A: fangs 1, strong nose, distributed training
a: Renounce Religion


You were on level 3 of the Dungeon.
You worshipped Wu Jian.
Wu Jian was noncommittal.
You visited 2 branches of the dungeon, and saw 5 of its levels.

You collected 236 gold pieces.

Inventory:

Hand Weapons
 a - a +0 rapier
 g - a +2 short sword of venom
 q - a +2 short sword of protection (weapon)
Missiles
 l - 8 poisoned darts (quivered)
Armour
 b - a +0 scale mail
 c - a +0 buckler (worn)
 d - a +0 robe
 e - a +1 helmet (worn)
 h - a +0 barding
 m - a +0 pair of gloves (worn)
 s - the +3 ring mail of Esoelotzuq (worn) {Dex+3}
   (You found it on level 3 of the Dungeon)

   Dex:       It affects your dexterity (+3).
Magical Staves
 x - a staff of fire
Jewellery
 v - an amulet of magic regeneration
Wands
 n - a wand of flame (21)
Scrolls
 i - a scroll of teleportation
 k - a scroll of brand weapon
 r - 2 scrolls of silence
 t - a scroll of fear {unknown}
 u - a scroll of enchant weapon {unknown}
 w - a scroll of noise {unknown}
 y - a scroll of identify
 A - a scroll of fog {unknown}
 B - a scroll of enchant armour {unknown}
Potions
 f - a potion of degeneration {unknown}
 j - a potion of magic
 o - a potion of lignification {unknown}
 p - a potion of brilliance {unknown}
 z - a potion of curing {unknown}
 C - a potion of invisibility {unknown}
 D - a potion of mutation {unknown}


   Skills:
 + Level 6.9 Fighting
 + Level 5.1 Short Blades
 + Level 2.2 Long Blades
 + Level 2.2 Axes
 + Level 2.2 Maces & Flails
 + Level 2.2 Polearms
 + Level 2.2 Staves
 + Level 2.2 Slings
 + Level 2.2 Bows
 + Level 2.2 Crossbows
 + Level 2.2 Throwing
 + Level 6.9 Armour
 + Level 2.2 Dodging
 + Level 2.2 Stealth
 + Level 6.9 Shields
 + Level 2.2 Unarmed Combat
 + Level 2.2 Spellcasting
 + Level 1.8 Conjurations
 + Level 1.8 Hexes
 + Level 1.8 Summonings
 + Level 1.8 Necromancy
 + Level 1.8 Translocations
 + Level 1.8 Transmutations
 + Level 1.8 Fire Magic
 + Level 1.8 Ice Magic
 + Level 1.8 Air Magic
 + Level 1.8 Earth Magic
 + Level 1.8 Poison Magic
 + Level 2.4 Invocations
 + Level 2.2 Evocations


You had 10 spell levels left.
You didn't know any spells.
Your spell library contained the following spells:

 Spells                   Type           Power      Damage    Failure   Level
 Blink                    Tloc           6%         N/A       50%         2
 Ensorcelled Hibernation  Hex/Ice        6%         N/A       50%         2
 Passwall                 Tmut/Erth      2%         N/A       50%         2
 Sublimation of Blood     Necr           3%         N/A       50%         2
 Lesser Beckoning         Tloc           3%         N/A       75%         3
 Swiftness                Air            3%         N/A       75%         3
 Petrify                  Tmut/Erth      3%         N/A       98%         4
 Irradiate                Conj/Tmut      1%         3d13      100%        5
 Manifold Assault         Tloc           3%         N/A       100%        5
 Chain Lightning          Conj/Air       1%         3d2       100%        9
 Fire Storm               Conj/Fire      1%         8d1       100%        9
 Shatter                  Erth           1%         3d6*      100%        9


Dungeon Overview and Level Annotations

Branches:
Dungeon (4/15)             Temple (1/1) D:4

Altars:
Fedhas
Makhleb
Nemelex Xobeh
Trog
Wu Jian
Xom
Yredelemnul
Zin

Shops:
D:2 :   D:3 (


Innate Abilities, Weirdness & Mutations

You have very sharp teeth.
Your uncanny sense of smell can sniff out nearby items.
Your experience applies equally to all skills.


Message History

You block the gnoll's attack.
You hit the gnoll shaman.
The gnoll shaman is heavily wounded.
The gnoll hits you from afar with a +0 halberd.
* * * LOW HITPOINT WARNING * * *
The gnoll shaman calls upon its god to heal the gnoll.
The gnoll's wounds heal themselves!
The gnoll hits you but does no damage.
You hit the gnoll shaman.
The gnoll shaman is severely wounded.
The gnoll hits you from afar with a +0 halberd!
* * * LOW HITPOINT WARNING * * *
The gnoll closely misses you.
The gnoll shaman calls upon its god to speed up the gnoll.
The gnoll seems to speed up.
The gnoll shaman attacks as you move away!
The gnoll shaman barely misses you.
The gnoll shaman utters an invocation to its god.
The gnoll shaman is healed somewhat.
You are no longer glowing.
You lunge at the gnoll shaman.
You hit the gnoll shaman but do no damage.
The gnoll shaman is heavily wounded.
The gnoll shaman calls down the wrath of its god upon you.
You resist with some effort.
The gnoll shaman attacks as you move away!
You block the gnoll shaman's attack.
The gnoll shaman calls upon its god to speed up the gnoll.
The gnoll seems to speed up.
You lunge at the gnoll shaman.
You barely miss the gnoll shaman.
The gnoll shaman is heavily wounded.
The gnoll hits you but does no damage. x2
The gnoll shaman hits you but does no damage.
The gnoll hits you but does no damage. You block the gnoll's attack.
The gnoll hits you with a +0 whip.
* * * LOW HITPOINT WARNING * * *
The gnoll attacks as you move away! You block the gnoll's attack.
The gnoll shaman invokes the aid of its god against you.
You resist with some effort.
The gnoll hits you from afar with a +0 halberd!
You die...

######.##..)......†......###.#.##
# #.................#.# #.#.# #
####.###..#.#####.#.# #.#.# #
#.###..#.# #.#.###.#.# #
#..(...#.## #.#.##....#
#############.....####.........#
..........###<.........#.##...##
#####.....##.g............##)## #
#.........gg@...##.#..##.#
#####)....##..g.....##>#..##.####
..........###......###.#.........
########### #.#)..####)#.###.##.#
#.##.........# #.# #
#...................
####################


You could see a gnoll shaman and 3 gnolls.

Vanquished Creatures
  Sigmund (D:2)
  A necrophage (D:4)
  A howler monkey (D:4)
  A hound (D:4)
  An iguana (D:4)
  Terence (D:2)
  A gnoll (D:3)
  5 adders
  A worm (D:4)
  4 dart slugs
  An orc (D:3)
  5 ball pythons
  2 endoplasms
  2 giant cockroaches
  7 goblins
  2 hobgoblins
  2 jackals (D:4)
  10 kobolds
  2 quokkas
  6 bats
  2 frilled lizards
  4 rats
62 creatures vanquished.

Vanquished Creatures (others)
  2 fungi (D:3)
  28 plants (D:3)
30 creatures vanquished.

Grand Total: 92 creatures vanquished

Notes
Turn   | Place    | Note
-------+----------+-------------------------------------------
     0 | D:1      | ObtusePanda the Gnoll Fighter began the quest for the Orb.
     0 | D:1      | Reached XP level 1. HP: 23/23 MP: 1/1
   100 | D:1      | Reached XP level 2. HP: 26/29 MP: 2/2
  1128 | D:2      | Reached XP level 3. HP: 35/35 MP: 3/3
  1211 | D:2      | Noticed Sigmund
  1221 | D:2      | Killed Sigmund
  1222 | D:2      | Reached skill level 1 in Long Blades
  1222 | D:2      | Reached skill level 1 in Axes
  1222 | D:2      | Reached skill level 1 in Maces & Flails
  1222 | D:2      | Reached skill level 1 in Polearms
  1222 | D:2      | Reached skill level 1 in Staves
  1222 | D:2      | Reached skill level 1 in Slings
  1222 | D:2      | Reached skill level 1 in Bows
  1222 | D:2      | Reached skill level 1 in Crossbows
  1222 | D:2      | Reached skill level 1 in Throwing
  1222 | D:2      | Reached skill level 1 in Dodging
  1222 | D:2      | Reached skill level 1 in Stealth
  1222 | D:2      | Reached skill level 1 in Unarmed Combat
  1222 | D:2      | Reached skill level 1 in Spellcasting
  1222 | D:2      | Reached skill level 1 in Conjurations
  1222 | D:2      | Reached skill level 1 in Hexes
  1222 | D:2      | Reached skill level 1 in Summonings
  1222 | D:2      | Reached skill level 1 in Necromancy
  1222 | D:2      | Reached skill level 1 in Translocations
  1222 | D:2      | Reached skill level 1 in Transmutations
  1222 | D:2      | Reached skill level 1 in Fire Magic
  1222 | D:2      | Reached skill level 1 in Ice Magic
  1222 | D:2      | Reached skill level 1 in Air Magic
  1222 | D:2      | Reached skill level 1 in Earth Magic
  1222 | D:2      | Reached skill level 1 in Poison Magic
  1222 | D:2      | Reached skill level 1 in Invocations
  1222 | D:2      | Reached skill level 1 in Evocations
  1222 | D:2      | Reached XP level 4. HP: 33/41 MP: 3/6
  1222 | D:2      | Reached XP level 5. HP: 38/47 MP: 3/7
  1412 | D:2      | Found Fuckuok's Book Emporium.
  1509 | D:2      | Found a bloodstained altar of Trog.
  1582 | D:2      | Noticed Terence
  1605 | D:2      | Killed Terence
  2109 | D:3      | Identified the +3 ring mail of Esoelotzuq {Dex+3}
  2151 | D:3      | Found a bloodstained altar of Trog.
  2174 | D:3      | Found Ixiamnet's Antique Weapon Shop.
  2208 | D:3      | Reached XP level 6. HP: 35/53 MP: 8/8
  2512 | D:3      | Found a faded altar of an unknown god.
  2795 | D:4      | Reached skill level 5 in Short Blades
  3061 | D:4      | Found a burning altar of Makhleb.
  3258 | D:4      | Found a staircase to the Ecumenical Temple.
  3357 | Temple   | Entered the Ecumenical Temple
  3389 | Temple   | Became a worshipper of the Wu Jian Council
  3477 | D:3      | Reached XP level 7. HP: 56/59 MP: 10/10
  3580 | D:3      | Slain by a gnoll

Illustrated notes

Levels and vault maps discovered:
D:1:      minmay_arrival_checkered_box, layout_basic
D:2:      layout_basic, basic_altar, serial_shops, nicolae_shop_stone,
          uniq_sigmund, uniq_terence
D:3:      layout_loops_ring, lightli_temple_of_fire,
          shapermc_ecumenical_altar_mp_ritualfount, serial_shops,
          nicolae_shop_trees, nicolae_grassy_gnolls
D:4:      layout_basic, mainiacjoe_overflow_catwalk, minmay_temple_entry_tees,
          serial_glass, glass_columns_a, glass_columns_b, glass_columns_b,
          glass_columns_a, glass_columns_a, glass_columns_a, glass_columns_a,
          glass_columns_b, glass_columns_b, glass_columns_a
Temple:   compressed_dpeg_triangle_lava_temple

Skill      XL: |  1  2  3  4  5  6 |
---------------+-------------------+-----
Long Blades    | 1 2 |  2.2
Axes           | 1 2 |  2.2
Maces & Flails | 1 2 |  2.2
Polearms       | 1 2 |  2.2
Staves         | 1 2 |  2.2
Slings         | 1 2 |  2.2
Bows           | 1 2 |  2.2
Crossbows      | 1 2 |  2.2
Throwing       | 1 2 |  2.2
Dodging        | 1 2 |  2.2
Stealth        | 1 2 |  2.2
Unarmed Combat | 1 2 |  2.2
Spellcasting   | 1 2 |  2.2
Conjurations   | 1 |  1.8
Hexes          | 1 |  1.8
Summonings     | 1 |  1.8
Necromancy     | 1 |  1.8
Translocations | 1 |  1.8
Transmutations | 1 |  1.8
Fire Magic     | 1 |  1.8
Ice Magic      | 1 |  1.8
Air Magic      | 1 |  1.8
Earth Magic    | 1 |  1.8
Poison Magic   | 1 |  1.8
Invocations    | 1 2 |  2.4
Evocations     | 1 2 |  2.2
Short Blades   | 5 |  5.1
Fighting       | |  6.9
Armour         | |  6.9
Shields        | |  6.9

Action                   |  1- 3 |  4- 6 |  7- 9 || total
-------------------------+-------+-------+-------++-------
Melee: Rapier            |    14 |       |       ||    14
       Short sword       |    42 |   166 |    23 ||   231
       Bite              |     2 |    19 |     2 ||    23
Invok: Lunge             |       |       |     5 ||     5
  Use: Potion            |     1 |       |       ||     1
       Scroll            |       |     5 |       ||     5
Armor: Scale mail        |    26 |    13 |       ||    39
       Ring mail         |       |    50 |    30 ||    80
Dodge: Dodged            |    15 |    73 |    25 ||   113
Block: Buckler           |    17 |    31 |    27 ||    75

Table legend: (Time is in decaauts)
 A = Elapsed time spent in this place.
 B = Non-inter-level travel time spent in this place.
 C = Inter-level travel time spent in this place.
 D = Time resting spent in this place.
 E = Time spent auto-exploring this place.
 F = Levels seen in this place.
 G = Mean time per level.
                   A        B        C        D        E       F      G
               +--------+--------+--------+--------+--------+-----+--------+
         Total |   3554 |   3301 |    253 |    385 |   1857 |   5 |  710.8 |
       Dungeon |   3491 |   3238 |    253 |    385 |   1857 |   4 |  872.8 |
        Temple |     62 |     62 |      0 |      0 |      0 |   1 |   62.0 |
               +--------+--------+--------+--------+--------+-----+--------+

Top non-repeatable levels by time:
     D:1: 1089 daAuts
     D:2: 965 daAuts
     D:3: 788 daAuts
     D:4: 649 daAuts
  Temple: 62 daAuts
